 Dungeon Crawl Stone Soup version 0.31.0-32-g396128a36d (webtiles) character file.

Game seed: 5344484486883728098

368 ChrisAssaf the Covered (level 6, 0/79 HPs)
             Began as a Minotaur Fighter on Mar 10, 2024.
             Slain by a gnoll
             ... wielding a +0 whip
              (2 damage)
             ... on level 4 of the Dungeon.
             The game lasted 00:06:09 (2003 turns).

ChrisAssaf the Covered (Minotaur Fighter)           Turns: 2003, Time: 00:06:10

Health: 0/79       AC: 23    Str: 21    XL:     6   Next: 41%
Magic:  5/5        EV:  2    Int: 10    God:
Gold:   54         SH:  5    Dex: 11    Spells: 5/5 levels left

rFire   . . .        g - +1 double sword of Yesterday {drain, +Blink Int+3 Dex+2}
rCold   . . .        c - +0 buckler
rNeg    . . .        b - melded +0 scale mail
rPois   +            (helmet currently unavailable)
rElec   .            (cloak currently unavailable)
rCorr   .            (gloves currently unavailable)
SInv    .            (boots currently unavailable)
Will    .....        (no amulet)
Stlth   ++           (no ring)
HPRegen 0.33/turn    (no ring)
MPRegen 0.09/turn

%: no passive effects
@: tree-form
A: stationary, stasis, torment immunity, boosted hp, (horns 2), (retaliatory
headbutt)
a: Evoke Blink


You were on level 4 of the Dungeon.
You were a tree.
You visited 1 branch of the dungeon, and saw 4 of its levels.

You collected 184 gold pieces.
You spent 130 gold pieces at shops.

Inventory:

Hand Weapons
 a - a +0 war axe of freezing
 g - the +1 double sword of Yesterday (weapon) {drain, +Blink Int+3 Dex+2}
   (You acquired it on level 2 of the Dungeon)

   Int+3:     It affects your intelligence (+3).
   Dex+2:     It affects your dexterity (+2).
   +Blink:    It lets you blink.
Missiles
 e - 2 throwing nets
 f - 13 boomerangs (quivered)
Armour
 b - a +0 scale mail (melded)
 c - a +0 buckler (worn)
Wands
 l - a wand of flame (25)
Scrolls
 i - a scroll of identify
 j - a scroll of silence
 n - 2 scrolls of teleportation
Potions
 d - a potion of might
 h - a potion of resistance
 m - a potion of degeneration


   Skills:
 * Level 4.5 Fighting
 * Level 3.3 Long Blades
 - Level 3.1 Axes
 * Level 1.6 Throwing
 * Level 4.5 Armour
 * Level 2.0 Dodging
 * Level 1.4 Stealth
 * Level 4.5 Shields
 * Level 1.3 Evocations


You had 5 spell levels left.
You didn't know any spells.
Your spell library contained the following spells:

 Spells                   Type           Power      Damage    Failure   Level
 Summon Small Mammal      Summ           0%         N/A       43%         1
 Call Canine Familiar     Summ           0%         N/A       80%         3
 Inner Flame              Hex/Fire       0%         N/A       80%         3
 Summon Blazeheart Golem  Fire/Summ      0%         N/A       99%         4
 Irradiate                Conj/Alch      0%         3d11      100%        5
 Ignition                 Fire           0%         3d3       100%        8


Dungeon Overview and Level Annotations

Branches:
Dungeon (4/15)
 Temple: D:4-7

Altars:

Shops:
D:2 ?

Annotations:
D:3 Grinder


Innate Abilities, Weirdness & Mutations

You are a tree.
Your roots penetrate the ground, keeping you stationary.
You cannot be teleported.
You are immune to unholy pain and torment.
Your maximum health is greatly increased.
Your equipment is partially melded.
((You have a pair of horns on your head.))
((You reflexively headbutt those who attack you in melee.))


Message History

You hit the gnoll.
The gnoll is moderately wounded.
The gnoll hits you with a +0 club. You block the gnoll's attack.
An orc comes into view. It is wielding a +0 dagger.
You closely miss the gnoll.
The orc shouts!
You headbutt the gnoll!
The gnoll is almost dead.
You block the gnoll's attack. The gnoll hits you with a +0 club.
You slash the gnoll!
You kill the gnoll!
The gnoll hits you but does no damage.
The gnoll hits you from afar with a +0 spear.
The gnoll hits you but does no damage. x2; The gnoll hits you with a +0 whip.
You block the gnoll's attack. The gnoll barely misses you.
The gnoll hits you with a +0 flail.
The gnoll hits you from afar with a +0 spear.
Items here: )) ††.
You closely miss the gnoll. The gnoll hits you with a +0 whip.
The gnoll hits you from afar with a +0 spear.
The gnoll closely misses you.
You barely miss the gnoll. The gnoll hits you but does no damage.
The gnoll barely misses you. The gnoll hits you with a +0 flail.
* * * LOW HITPOINT WARNING * * *
You block the gnoll's attack. The orc hits you with a +0 dagger.
* * * LOW HITPOINT WARNING * * *
You block the gnoll's attack. The gnoll closely misses you.
You slash the gnoll!
The gnoll is heavily wounded.
The gnoll hits you with a +0 flail.
* * * LOW HITPOINT WARNING * * *
The gnoll hits you with a +0 whip.
* * * LOW HITPOINT WARNING * * *
The gnoll hits you from afar with a +0 spear.
* * * LOW HITPOINT WARNING * * *
You block the orc's attack.
You turn into a tree.
Your +0 scale mail melds into your body.
Your roots penetrate the ground.
The gnoll hits you with a +0 whip.
You die...

.... .#....
...... ..!...
#......
###<......
##..og.....
###.g♣g....#
######
##.)...######
#....#
###)).####
.....#
##..####
....####..##
....##..###
.......##
......##
......##


You could see 3 gnolls and an orc.

Vanquished Creatures
  Sigmund (D:3)
  Natasha (twice) (D:3)
  5 gnolls (D:4)
  4 adders
  2 dart slugs (D:2)
  7 orcs (D:3)
  3 ball pythons
  3 endoplasms
  A giant cockroach (D:4)
  7 goblins
  2 hobgoblins (D:2)
  13 jackals
  A quokka (D:2)
  3 bats
  A frilled lizard (D:2)
  5 kobolds
  8 rats
68 creatures vanquished.

Notes
Turn   | Place    | Note
-------+----------+-------------------------------------------
     0 | D:1      | ChrisAssaf the Minotaur Fighter began the quest for the
                  | Orb.
     0 | D:1      | Reached XP level 1. HP: 19/19 MP: 0/0
   399 | D:1      | Reached XP level 2. HP: 27/27 MP: 1/1
   624 | D:2      | Reached XP level 3. HP: 33/33 MP: 2/2
   631 | D:2      | Reached skill level 1 in Dodging
  1062 | D:2      | Identified a scroll of acquirement
  1062 | D:2      | Acquired the +1 double sword of Yesterday {drain, +Blink
                  | Int+3 Dex+2}
  1262 | D:2      | Reached XP level 4. HP: 28/40 MP: 3/3
  1270 | D:2      | Found Koxtyofu's Magic Scroll Emporium.
  1287 | D:2      | Bought a scroll of immolation for 52 gold pieces
  1287 | D:2      | Bought a scroll of identify for 26 gold pieces
  1287 | D:2      | Bought 2 scrolls of identify for 52 gold pieces
  1564 | D:3      | Noticed Sigmund
  1572 | D:3      | Killed Sigmund
  1573 | D:3      | Reached skill level 1 in Throwing
  1573 | D:3      | Reached skill level 1 in Stealth
  1573 | D:3      | Reached skill level 1 in Evocations
  1573 | D:3      | Reached XP level 5. HP: 23/47 MP: 4/4
  1608 | D:3      | Noticed Natasha
  1613 | D:3      | Killed Natasha
  1614 | D:3      | Reached XP level 6. HP: 21/53 MP: 5/5
  1762 | D:3      | Noticed Natasha
  1764 | D:3      | Killed Natasha
  1768 | D:3      | Noticed Grinder
  2002 | D:4      | HP: 1/53 [gnoll/+0 spear (5)]
  2003 | D:4      | Slain by a gnoll

Illustrated notes

Levels and vault maps discovered:
D:1:      dpeg_arrival_orchard, layout_rooms, interstate_on_off,
          kennysheep_flooded_box, chequers_serial_rivers_micro_c,
          amethyst_killhole
D:2:      minmay_chambers_of_twos, layout_basic, serial_shops, shop
D:3:      kennysheep_six_static_rooms, layout_rooms, minmay_misc_feat_rugged,
          uniq_ijyb, uniq_grinder, uniq_natasha, uniq_sigmund
D:4:      layout_cave_pods, gammafunk_ghost_cemetery,
          chequers_serial_rivers_marsh, uniq_menkaure, uniq_duvessa

Skill      XL: |  1  2  3  4  5  6 |
---------------+-------------------+-----
Fighting       | 4 |  4.5
Shields        | 4 |  4.5
Dodging        | 1 2 |  2.0
Axes           | 3 |  3.1
Armour         | 4 |  4.5
Long Blades    | 2 3 |  3.3
Throwing       | 1 |  1.6
Stealth        | 1 |  1.4
Evocations     | 1 |  1.3

Action                     |  1- 3 |  4- 6 || total
---------------------------+-------+-------++-------
  Melee: War axe           |    57 |       ||    57
         Headbutt          |     7 |     7 ||    14
         Double sword      |    13 |    35 ||    48
  Throw: Boomerang         |    29 |    24 ||    53
    Use: Scroll            |     5 |     6 ||    11
         Potion            |       |     1 ||     1
 Armour: Scale mail        |    62 |    53 ||   115
         Skin              |       |     1 ||     1
  Dodge: Dodged            |    29 |    24 ||    53
  Block: Buckler           |    15 |    15 ||    30
